 Dungeon Crawl Stone Soup version 0.29.1-15-g9cfb28693d (webtiles) character file.

Game seed: 11820513199018905140

37 Hugehornet the Cudgeller (level 3, -5/23 HPs)
             Began as a Gargoyle Fighter on Mar 20, 2023.
             Slain by Terence
             ... wielding a +0 mace
              (7 damage)
             ... on level 2 of the Dungeon.
             The game lasted 00:01:41 (903 turns).

Hugehornet the Cudgeller (Gargoyle Fighter)          Turns: 903, Time: 00:01:42

Health: -5/23      AC: 10    Str: 19    XL:     3   Next: 41%
Magic:  3/3        EV:  9    Int: 10    God:
Gold:   24         SH:  5    Dex: 15    Spells: 2/2 levels left

rFire   . . .      SeeInvis .   a - +0 flail
rCold   . . .      Faith    .   c - +0 buckler
rNeg    + . .      Spirit   .   b - +0 scale mail
rPois   ∞          Reflect  .   (no helmet)
rElec   +          Harm     .   (no cloak)
rCorr   .          Rampage  .   (no gloves)
Will    .....                   (no boots)
Stlth   ..........              (no amulet)
HPRegen 0.07/turn               e - +6 ring of dexterity
MPRegen 0.08/turn               (no ring)

@: mighty
A: sickness immunity, AC +3, negative energy resistance 1, electricity
resistance, torment resistance 1, petrification resistance
a: no special abilities


You were on level 2 of the Dungeon.
You visited 1 branch of the dungeon, and saw 2 of its levels.

You collected 24 gold pieces.

Inventory:

Hand Weapons
 a - a +0 flail (weapon)
Armour
 b - a +0 scale mail (worn)
 c - a +0 buckler (worn)
Jewellery
 e - a +6 ring of dexterity (left hand)
Scrolls
 f - 2 scrolls of noise {unknown}
 i - 3 scrolls of immolation {unknown}
Potions
 g - a potion of resistance {unknown}
 h - 2 potions of lignification {unknown}


   Skills:
 - Level 3.2 Fighting
 + Level 3.7 Maces & Flails
 - Level 3.2 Armour
 - Level 3.2 Shields


You had 2 spell levels left.
You didn't know any spells.
Your spell library contained the following spells:

 Spells                   Type           Power      Damage    Failure   Level
 Ensorcelled Hibernation  Hex/Ice        0%         N/A       92%         2
 Passwall                 Tmut/Erth      0%         N/A       92%         2
 Swiftness                Air            0%         N/A       99%         3


Dungeon Overview and Level Annotations

Branches:
Dungeon (2/15)

Altars:

Annotations:
D:2 Terence


Innate Abilities, Weirdness & Mutations

You are immune to sickness and miasma.
Your stone body is resilient. (AC +3)
You are immune to poison.
You resist negative energy. (rN+)
You are resistant to electric shocks. (rElec)
You are resistant to unholy torment.
You are immune to petrification.


Message History

You hit Terence.
Terence is lightly wounded.
Terence hits you but does no damage.
Terence zaps a wand.
The puff of flame hits you.
You hit Terence but do no damage.
Terence is lightly wounded.
Terence hits you but does no damage.
You closely miss Terence.
Terence is lightly wounded.
The frilled lizard completely misses you.
Terence hits you with a +0 mace.
You hit Terence.
Terence is moderately wounded.
The frilled lizard barely misses you. The goblin barely misses you.
You block Terence's attack.
The frilled lizard bites you but does no damage.
The goblin hits you but does no damage. Terence hits you but does no damage.
You hit Terence but do no damage.
Terence is moderately wounded.
The frilled lizard bites you but does no damage.
The goblin hits you but does no damage.
Terence zaps a wand.
The puff of flame hits you but does no damage.
You hit Terence but do no damage.
Terence is moderately wounded.
The frilled lizard bites you but does no damage.
The goblin hits you but does no damage. You block Terence's attack.
You thump Terence!
Terence is heavily wounded.
The frilled lizard barely misses you. The goblin hits you but does no damage.
Terence zaps a wand.
The puff of flame hits you. The goblin barely misses you.
Terence hits you with a +0 mace!
* * * LOW HITPOINT WARNING * * *
The frilled lizard bites you but does no damage.
You feel very mighty all of a sudden. The frilled lizard bites you.
* * * LOW HITPOINT WARNING * * *
The goblin hits you but does no damage. Terence looks scornfully at you.
Terence hits you with a +0 mace!
You die...

.### .....####
#....#### #....#### #
##########..<.###....
......)......@@....#
....########.lg.....#
# #......$..
#......... ...###.#..
###.. ...# ##.. ...
.. ..


You could see Terence, a goblin and a frilled lizard.

Vanquished Creatures
  A dart slug (D:1)
  2 endoplasms (D:1)
  8 goblins
  4 hobgoblins (D:1)
  4 quokkas (D:1)
  4 ball pythons (D:1)
  2 bats (D:1)
  A frilled lizard (D:1)
  3 kobolds (D:1)
29 creatures vanquished.

Notes
Turn   | Place    | Note
-------+----------+-------------------------------------------
     0 | D:1      | Hugehornet the Gargoyle Fighter began the quest for the
                  | Orb.
     0 | D:1      | Reached XP level 1. HP: 14/14 MP: 1/1
    22 | D:1      | Found a faded altar of an unknown god.
    49 | D:1      | Reached XP level 2. HP: 9/19 MP: 2/2
   524 | D:1      | Reached XP level 3. HP: 19/23 MP: 3/3
   893 | D:2      | Noticed Terence
   903 | D:2      | Slain by Terence

Illustrated notes

Levels and vault maps discovered:
D:1:      roderic_chinese_lattice_arrival, layout_rooms,
          dreamdust_ecumenical_altar_statues, minmay_misc_feat_nine_boxes
D:2:      layout_rooms, uniq_terence, uniq_natasha

Skill      XL: |  1  2 |
---------------+-------+-----
Maces & Flails | 3 |  3.7
Fighting       | |  3.2
Armour         | |  3.2
Shields        | |  3.2

Action                   || total
-------------------------++-------
Melee: Flail             ||    81
  Use: Potion            ||     1
Armor: Scale mail        ||    53
Dodge: Dodged            ||    41
Block: Buckler           ||    22
